 Dungeon Crawl Stone Soup version 0.21-a0-538-gd16b88a (webtiles) character file.

24 KristoblXynda the Skirmisher (level 3, 0/34 HPs)
             Began as a Naga Fighter on Dec 16, 2017.
             Slain by an adder (2 damage)
             ... on level 2 of the Dungeon.
             The game lasted 00:01:55 (1012 turns).

KristoblXynda the Skirmisher (Naga Fighter)         Turns: 1012, Time: 00:01:56

Health: 0/34       AC:  4    Str: 19    XL:     3   Next: 2%
Magic:  3/3        EV:  6    Int:  8    God:
Gold:   43         SH:  8    Dex: 10    Spells: 2/2 levels left

rFire    . . .     SeeInvis +   a - +0 flail
rCold    . . .     Gourm    .   c - +0 shield
rNeg     . . .     Faith    .   g - +0 ring mail
rPois    +         Spirit   .   (no helmet)
rElec    .         Reflect  .   (no cloak)
rCorr    .         Harm     .   (no gloves)
MR       .....                  (no barding)
Stlth    ..........             (no amulet)
HPRegen  0.11/turn              (no ring)
MPRegen  0.08/turn              (no ring)

@: lethally poisoned (0 -> -3), short of breath, very slow
A: large, see invisible, deformed body, poison resistance, slowness 2, slow
metabolism 1, spit poison 1, AC +1
a: Spit Poison


You were on level 2 of the Dungeon.
You were not hungry.

You visited 1 branch of the dungeon, and saw 2 of its levels.

You collected 43 gold pieces.

Inventory:

Hand Weapons
 a - a +0 flail (weapon)
Armour
 c - a +0 shield (worn)
 g - a +0 ring mail (worn)
Jewellery
 l - an uncursed ring of resist corrosion {unknown}
 n - an uncursed ring of resist corrosion {unknown}
Scrolls
 e - 2 scrolls of identify {unknown}
 j - a scroll of magic mapping {unknown}
 k - 3 scrolls of teleportation {unknown}
 m - a scroll of enchant weapon {unknown}
Potions
 d - a potion of might
 h - a potion of mutation {unknown}
 i - a potion of curing {unknown}
Comestibles
 b - a meat ration
 f - 2 bread rations


   Skills:
 - Level 3.0 Fighting
 + Level 2.5 Maces & Flails
 + Level 2.7 Armour
 + Level 2.7 Shields


You had 2 spell levels left.
You didn't know any spells.

Dungeon Overview and Level Annotations

Branches:
Dungeon (2/15)

Altars:


Innate Abilities, Weirdness & Mutations

You cannot wear boots.
Your serpentine skin is tough. (AC +1)
You have supernaturally acute eyesight. (SInv)
Armour fits poorly on your strangely shaped body.
Your system is resistant to poisons. (rPois)
You cover ground very slowly.
You have a slow metabolism.
You can spit poison.


Message History

The splash of poison hits the adder.
The adder is moderately wounded.
You feel slightly more hungry.
You feel sick. The adder closely misses you. The adder completely misses you.
Unknown command.
You closely miss the adder.
The adder is almost dead.
You block the adder's attack. The adder bites you but does no damage.
The adder bites you.
* * * LOW HITPOINT WARNING * * *
The adder bites you but does no damage.
You completely miss the adder.
The adder is almost dead.
* * * LOW HITPOINT WARNING * * *
You feel sick. The adder bites you.
* * * LOW HITPOINT WARNING * * *
The adder bites you.
* * * LOW HITPOINT WARNING * * *
The adder bites you.
You die...

###### #.........#
#....# #.........#
.....######.........#
.................>..#
......#####)........####
......# #....[.......#
#.....# #............#
+.....# #............#
#.....# ######@......#
#.....# #SS.....#
#.....# #.......#
#.....# #.......#
#.....####### #.......#
.....)....... +.....$.#
#####.####### #......(#
#<........... ........#
#####.###....


You could see 2 adders.

Vanquished Creatures
  A dart slug (D:1)
  A leopard gecko (D:1)
  2 giant cockroaches
  7 hobgoblins
  2 bats (D:1)
  A frilled lizard (D:1)
  3 kobolds
  3 rats (D:1)
20 creatures vanquished.

Notes
Turn   | Place    | Note
-------+----------+-------------------------------------------
     0 | D:1      | KristoblXynda the Naga Fighter began the quest for the Orb.
     0 | D:1      | Reached XP level 1. HP: 21/21 MP: 1/1
   220 | D:1      | Reached XP level 2. HP: 26/28 MP: 2/2
   973 | D:2      | Reached XP level 3. HP: 34/34 MP: 3/3
  1012 | D:2      | Slain by an adder

Vault maps used:
D:1:      elethiomel_arrival_maze, minivault_27, minmay_pentomino_x4
D:2:      overflow_temple_1_default

Action                   || total
-------------------------++-------
Melee: Flail             ||    76
 Abil: Spit Poison       ||     2
Armor: Ring mail         ||    32
Dodge: Dodged            ||    16
Block: Shield            ||    52

Table legend:
 A = Spawn XP
 B = Non-spawn XP
 C = Spawn XP percentage of total XP
 D = Spawn monster count
 E = Non-spawn monster count
 F = Spawn count percentage of total count
 G = Total turns spent on level
                    A         B        C        D         E        F      G
               +---------+---------+-------+---------+---------+-------+---------
         Total |       0 |      35 |   0.0 |       0 |      20 |   0.0 |  1012
               +---------+---------+-------+---------+---------+-------+---------
           D:1 |       0 |      30 |   0.0 |       0 |      17 |   0.0 |   945
           D:2 |       0 |       5 |   0.0 |       0 |       3 |   0.0 |    67
               +---------+---------+-------+---------+---------+-------+---------
